 Dungeon Crawl Stone Soup version 0.24.0-35-gdb84b6a5db (webtiles) character file.

Game seed: 18123590932674835457, levelgen mode: deterministic

8822 Mesmaeker13 the Destroyer (level 11, -2/66 HPs)
             Began as a Purple Draconian Conjurer on Nov 19, 2019.
             Was a Believer of Hepliaklqana.
             Slain by a komodo dragon (8 damage)
             ... on level 10 of the Dungeon.
             The game lasted 00:23:37 (13414 turns).

Mesmaeker13 the Destroyer (DrCj)                   Turns: 13414, Time: 00:23:38

Health: -2/66      AC: 12    Str: 10    XL:     11   Next: 14%
Magic:  20/20      EV: 16    Int: 20    God:    Hepliaklqana [**....]
Gold:   567        SH:  0    Dex: 11    Spells: 6/22 levels left

rFire    . . .     SeeInvis .   F - +2 whip (elec)
rCold    . . .     Gourm    .   (no shield)
rNeg     . . .     Faith    .   (armour unavailable)
rPois    .         Spirit   .   u - +2 hat
rElec    .         Reflect  .   (no cloak)
rCorr    .         Harm     .   q - +2 pair of gloves
MR       +....                  (no boots)
Stlth    +++.......             (no amulet)
HPRegen  0.21/turn              H - ring of stealth
MPRegen  0.17/turn              (no ring)

@: no status effects
A: breathe power, unfitting armour, reduced essence, cold-blooded, AC +7
a: Breathe Dispelling Energy, Recall Ancestor, Ancestor Identity, Renounce
Religion


You were on level 10 of the Dungeon.
You worshipped Hepliaklqana.
Hepliaklqana was pleased with you.
You were not hungry.

You visited 1 branch of the dungeon, and saw 10 of its levels.

You collected 567 gold pieces.

Inventory:

Hand Weapons
 F - a +2 whip of electrocution (weapon)
Missiles
 E - 13 poisoned darts (quivered)
Armour
 q - a +2 pair of gloves (worn)
 u - a +2 hat (worn)
Magical Staves
 z - an uncursed staff of summoning
Jewellery
 B - an uncursed amulet of harm {unknown}
 H - a ring of stealth (left hand)
Wands
 y - a wand of digging (4)
Scrolls
 e - 3 scrolls of teleportation
 g - 2 scrolls of immolation {unknown}
 i - 4 scrolls of remove curse
 m - 2 scrolls of blinking {unknown}
 o - 2 scrolls of magic mapping {unknown}
 p - 2 scrolls of enchant weapon {unknown}
 t - a scroll of enchant armour {unknown}
 v - 2 scrolls of fear
 w - 3 scrolls of fog {unknown}
 D - 3 scrolls of random uselessness {unknown}
Potions
 a - 7 potions of flight
 c - 2 potions of mutation
 d - a potion of magic {unknown}
 f - 4 potions of lignification {unknown}
 j - 3 potions of haste
 k - 3 potions of berserk rage {unknown}
 l - 2 potions of curing {unknown}
 n - a potion of cancellation {unknown}
 r - a potion of resistance {unknown}
 s - 2 potions of agility {unknown}
 A - a potion of heal wounds {unknown}
 G - a potion of degeneration {unknown}
 I - a potion of brilliance {unknown}
Comestibles
 b - 13 rations
 h - 6 chunks of flesh


   Skills:
 + Level 9.4 Dodging
 - Level 1.7 Stealth
 - Level 6.1 Spellcasting
 + Level 10.8 Conjurations
 + Level 8.6 Fire Magic


You had 6 spell levels left.
You knew the following spells:

 Your Spells              Type           Power        Failure   Level  Hunger
a - Magic Dart            Conj           ####         1%          1    None
b - Searing Ray           Conj           #####.       1%          2    None
c - Iskenderun's Mystic   Conj           #####...     1%          4    ####...
d - Sticky Flame          Conj/Fire      #####...     1%          4    ####...
e - Fireball              Conj/Fire      #####.....   5%          5    #####..

Your spell library contained the following spells:

 Spells                   Type           Power        Failure   Level  Hunger
 Flame Tongue             Conj/Fire      #####        1%          1    None
 Throw Flame              Conj/Fire      #####.       1%          2    None
 Conjure Flame            Conj/Fire      #####...     1%          3    ##.....
 Dazzling Spray           Conj/Hex       ####..       3%          3    ##.....
 Inner Flame              Hex/Fire       ###.....     5%          3    ##.....
 Beastly Appendage        Tmut           #.....       11%         1    None
 Force Lance              Conj/Tloc      ####....     11%         4    ####...
 Fulminant Prism          Conj/Hex       ####......   11%         4    ####...
 Sticks to Snakes         Tmut           #.......     16%         2    None
 Spider Form              Tmut/Pois      #.........   30%         3    ##.....
 Ice Form                 Ice/Tmut       #.......     71%         4    ####...
 Blade Hands              Tmut           #.........   96%         5    #####..


Dungeon Overview and Level Annotations

Branches:
Dungeon (10/15)            Temple (0/1) D:7             Orc (0/2) D:10
   Lair: D:8-11

Altars:
Cheibriados
Elyvilon
Fedhas
Hepliaklqana
Makhleb
Okawaru
Ru
Sif Muna
Trog
Vehumet
Xom
The Shining One

Annotations:
D:6 3 runed translucent doors, Esos's ghost, novice DgIE
D:8 exclusion: oklob sapling


Innate Abilities, Weirdness & Mutations

You can breathe bolts of dispelling energy.
Your rich purple scales are hard. (AC +7)
You cannot fit into any form of body armour.
You are cold-blooded and may be slowed by cold attacks.
Your life essence is reduced to manifest your ancestor. (-10% HP)


Message History

The komodo dragon bites you!!
* * * LOW HITPOINT WARNING * * *
Keminub hits the komodo dragon with a +0 flail.
Unknown command.
The searing ray hits the komodo dragon!
The komodo dragon is heavily wounded.
The komodo dragon bites you!
* * * LOW HITPOINT WARNING * * *
Keminub hits the komodo dragon with a +0 flail!
Unknown command.
The komodo dragon looks more healthy.
You see here 12 stones.
Okay, then.
Unknown command.
Unknown command.
Press: ? - help, v - describe, . - travel
Here: a komodo dragon (severely wounded)
The floor.
The komodo dragon bites you!
You die...

#....... #..##.#.
#####..##.#.
######.........[.
#....÷......#....
##.####.###...###.
######.......# #...# #.
#.......########...###.
#.####@<...............
#.# #l.#######.#......
#.# #..# #.#...... #.#
##R## ######### #.# #..#
# #.# #..# ##. ##.# #..#
### ##..
#..###..#######.#####.÷#
#.#.......R....###...##.


You could see the friendly Keminub the knight and a komodo dragon.

Vanquished Creatures
  A two-headed ogre (D:9)
  A centaur zombie (D:6)
  Psyche (D:8)
  2 hippogriffs (D:10)
  A wyvern (D:10)
  7 yaks
  Edmund (D:5)
  A water moccasin (D:8)
  6 orc warriors
  An ice beast (D:8)
  A sky beast (D:7)
  A black bear (D:9)
  A phantom (D:4)
  3 ogres
  3 centaurs
  Blork the orc (D:6)
  2 bullfrogs
  A wyvern zombie (D:10)
  4 scorpions
  14 killer bees
  6 howler monkeys
  4 crimson imps
  A bullfrog zombie (D:6)
  2 jellies (D:6)
  5 hounds
  5 orc priests
  9 orc wizards
  An ancestor (D:9)
  3 iguanas
  5 worker ants
  A hound zombie (D:10)
  A howler monkey zombie (D:8)
  A worker ant zombie (D:7)
  11 adders
  2 shadow imps
  An ooze (D:6)
  An adder zombie (D:9)
  An adder skeleton (D:5)
  2 worms
  2 leopard geckos
  41 orcs
  9 ball pythons
  4 bats
  4 giant cockroaches
  5 goblins
  9 hobgoblins
  10 jackals
  8 kobolds
  5 quokkas
  6 frilled lizards
  7 rats
225 creatures vanquished.

Vanquished Creatures (collateral kills)
  2 hippogriffs
  A yak (D:9)
  2 hungry ghosts (D:9)
  2 sky beasts
  A black bear (D:8)
  An ogre (D:9)
  2 bullfrogs
  4 killer bees
  A howler monkey (D:7)
  3 crimson imps
  A bullfrog zombie (D:10)
  4 hounds
  A jelly (D:8)
  An orc priest (D:9)
  5 orc wizards
  A worker ant (D:7)
  A hound zombie (D:9)
  2 adders
  2 shadow imps
  A leopard gecko (D:7)
  7 orcs
  3 ball pythons (D:8)
  A jackal (D:8)
49 creatures vanquished.

Vanquished Creatures (others)
  A bush (D:8)
  7 plants
8 creatures vanquished.

Grand Total: 282 creatures vanquished

Notes
Turn   | Place    | Note
-------+----------+-------------------------------------------
     0 | D:1      | Mesmaeker13 the Draconian Conjurer began the quest for the
                  | Orb.
     0 | D:1      | Reached XP level 1. HP: 14/14 MP: 3/3
   439 | D:1      | Reached XP level 2. HP: 20/20 MP: 5/5
   716 | D:2      | Learned a level 2 spell: Searing Ray
  1463 | D:2      | Reached XP level 3. HP: 26/26 MP: 3/6
  2341 | D:3      | Reached XP level 4. HP: 12/33 MP: 1/8
  2860 | D:3      | Found a snail-covered altar of Cheibriados.
  2863 | D:3      | Found a blossoming altar of Fedhas.
  2863 | D:3      | Found a glowing golden altar of the Shining One.
  2872 | D:3      | Found a faded altar of an unknown god.
  3205 | D:3      | Reached skill level 5 in Conjurations
  3205 | D:3      | Reached XP level 5. HP: 37/38 MP: 2/9
  3466 | D:3      | Found an iron altar of Okawaru.
  3468 | D:3      | Found a burning altar of Makhleb.
  3898 | D:4      | Reached XP level 6. HP: 23/45 MP: 2/11
  4160 | D:4      | Learned a level 4 spell: Iskenderun's Mystic Blast
  4243 | D:4      | Found a bloodstained altar of Trog.
  5076 | D:4      | Your scales start taking on a rich purple colour.
  5076 | D:4      | Reached skill level 5 in Spellcasting
  5076 | D:4      | Reached XP level 7. HP: 50/50 MP: 7/14
  5488 | D:4      | Reached skill level 6 in Conjurations
  5568 | D:5      | Entered Level 5 of the Dungeon
  5568 | D:5      | Found a shimmering altar of Xom.
  5947 | D:5      | Found a white marble altar of Elyvilon.
  6327 | D:5      | Noticed Edmund
  6345 | D:5      | Killed Edmund
  6712 | D:5      | Reached skill level 5 in Dodging
  6943 | D:5      | Learned a level 4 spell: Sticky Flame
  7056 | D:6      | Noticed Blork the orc
  7062 | D:6      | Killed Blork the orc
  7062 | D:6      | Reached skill level 1 in Fire Magic
  7062 | D:6      | Reached XP level 8. HP: 57/57 MP: 12/17
  7119 | D:6      | Found a blossoming altar of Fedhas.
  7220 | D:6      | Reached skill level 7 in Conjurations
  8352 | D:6      | Found a hazy altar of Hepliaklqana.
  8360 | D:6      | Became a worshipper of Hepliaklqana the Forgotten
  8401 | D:6      | Noticed Esos's ghost (novice DgIE)
  8402 | D:6      | Found a runed translucent gate.
  8402 | D:6      | Found a runed translucent gate.
  8402 | D:6      | Found a runed translucent gate.
  8711 | D:7      | Reached skill level 8 in Conjurations
  8711 | D:7      | Reached XP level 9. HP: 43/55 MP: 13/18
  8780 | D:7      | Found a staircase to the Ecumenical Temple.
  9059 | D:7      | Found a radiant altar of Vehumet.
  9087 | D:7      | Reached skill level 5 in Fire Magic
  9373 | D:7      | Reached * piety under Hepliaklqana
  9671 | D:8      | Reached skill level 9 in Conjurations
 10095 | D:8      | Noticed Psyche
 10104 | D:8      | Killed Psyche
 10300 | D:8      | Reached XP level 10. HP: 26/62 MP: 11/19
 11639 | D:9      | Learned a level 5 spell: Fireball
 11699 | D:9      | Found a shimmering blue altar of Sif Muna.
 11759 | D:9      | Reached ** piety under Hepliaklqana
 11760 | D:9      | Remembered your ancestor Keminub as a knight
 12006 | D:9      | Found a sacrificial altar of Ru.
 12037 | D:9      | Reached skill level 10 in Conjurations
 12288 | D:9      | Noticed a two-headed ogre
 12297 | D:9      | Killed a two-headed ogre
 12320 | D:10     | Entered Level 10 of the Dungeon
 12931 | D:10     | Found a staircase to the Orcish Mines.
 12935 | D:10     | Reached XP level 11. HP: 64/66 MP: 7/20
 13392 | D:10     | HP: 1/66 [komodo dragon (17)]
 13414 | D:10     | Slain by a komodo dragon

Levels and vault maps discovered:
D:1:      dpeg_arrival_tiny_g, layout_rooms
D:2:      layout_rooms
D:3:      layout_loops_ring, nicolae_overflow_hidden_temple,
          chequers_ecumenical_altar_simple_redux, portal_sewer_entry_b
D:4:      layout_gridville, kennysheep_mini
D:5:      layout_loops_corners, basic_altar, first_ration, elyvilon_altar_4,
          uniq_edmund
D:6:      wander_river, layout_loops_ring, lemuel_coloured_pillars_altar,
          gammafunk_ghost_nasty_kobolds, basic_altar, uniq_blork_the_orc
D:7:      layout_cave_pools, vehumet_altar_wand_db, minmay_temple_entry_waves
D:8:      layout_cave_pools, introduction_to_nature_2, uniq_psyche
D:9:      layout_roguey, lemuel_blue_sif_altar, nicolae_ru_path_of_blood
D:10:     layout_loops_ring, erik_lair_dragon, david_orc_2

Skill      XL: |  1  2  3  4  5  6  7  8  9 10 |
---------------+-------------------------------+-----
Dodging        | 2 3 4 5 6 7 9 |  9.4
Spellcasting   | 3 5 6 |  6.1
Conjurations   | 5 6 8 9 10 | 10.8
Fire Magic     | 1 4 6 8 |  8.6
Stealth        | |  1.7

Action                   |  1- 3 |  4- 6 |  7- 9 | 10-12 || total
-------------------------+-------+-------+-------+-------++-------
Melee: Spear             |    38 |    36 |    74 |       ||   148
       Tailslap          |     1 |     5 |    14 |    17 ||    37
       Short sword       |       |       |    42 |    74 ||   116
       Whip              |       |       |       |    83 ||    83
Throw: Dart              |       |       |       |     6 ||     6
 Cast: Magic Dart        |    73 |    64 |   113 |    66 ||   316
       Searing Ray       |     3 |    19 |    37 |    21 ||    80
       Fireball          |       |       |       |     2 ||     2
       Sticky Flame      |       |       |       |     1 ||     1
Invok: Ancestor Life: Kn |       |       |       |     1 ||     1
 Abil: Breathe Dispellin |       |       |     2 |     1 ||     3
Evoke: Wand              |       |     2 |    15 |    20 ||    37
  Use: Scroll            |     3 |     1 |     3 |       ||     7
 Stab: Sleeping          |     2 |       |       |     5 ||     7
       Distracted        |       |       |     1 |     1 ||     2
       Confused          |       |       |     1 |       ||     1
       Paralysed         |       |       |       |    22 ||    22
  Eat: Chunk             |     5 |     9 |    10 |    11 ||    35
       Ration            |       |       |     2 |     1 ||     3
Armor: Skin              |    13 |    16 |    67 |    75 ||   171
Dodge: Dodged            |    34 |    50 |   168 |   194 ||   446
